 Dungeon Crawl Stone Soup version 0.17-a0-229-g5ae695d (console) character file.

602769 HYPERRCHANDRA the Shatterer (level 27, -14/314 (317) HPs)
             Began as an Ogre Chaos Knight on Nov 1, 2014.
             Was the Champion of Ru.
             Killed from afar by Jory (105 damage)
             ... with a crystal spear
             ... on level 5 of the Vaults on Mar 29, 2015.
             The game lasted 08:49:10 (83436 turns).

HYPERRCHANDRA the Shatterer (Ogre Chaos Knight)    Turns: 83436, Time: 08:49:10

HP:   -14/314 (317) AC: 32    Str: 25    XL:     27
MP:   26/34         EV: 27    Int:  7    God:    Ru [******]
Gold: 3232          SH:  0    Dex: 18    Spells: 8 memorised, 25 levels left

rFire  . . .     SeeInvis .     a - +9 giant spiked club (freeze)
rCold  + . .     Rnd*Rage +     Q - quicksilver dragon armour
rNeg   + . .     SustAb   .     (no shield)
rPois  .         Gourm    .     B - +2 hat
rElec  .         Spirit   .     X - +2 cloak {rC+}
rCorr  .         Warding  +     (gloves unavailable)
rMut   .         Stasis   .     (boots unavailable)
MR     ++++.                    I - macabre finger necklace {Ward rN+}
Stlth  ..........               K - +4 ring of evasion
                                G - ring "Stehi" {MR+ Slay+5 Stlth+, =R}
                                i - +5 ring of protection {=R}

@: no potions, no scrolls, very slightly contaminated, hasted, very quick,
incredibly resistant to hostile enchantments, extremely unstealthy
A: unfitting armour, iridescent scales 1, yellow scales 2, berserk 1, blurry
vision 1, dopey 2, low mp 2, robust 1, screaming 1, tough skin 1, wild magic 1,
inability to drink while threatened, inability to read while threatened, no
stealth, no earth magic, no necromancy magic, no summoning magic, MP-powered
wands 1
a: Draw Out Power, Power Leap, Apocalypse, Renounce Religion
}: 3/15 runes: serpentine, barnacled, slimy


You were on level 5 of the Vaults.
You worshipped Ru.
Ru was exalted by your worship.
You were not hungry.

You visited 11 branches of the dungeon, and saw 60 of its levels.
You visited the Abyss 1 time.
You also visited: Ice Cave and Volcano.

You collected 8388 gold pieces.
You spent 5156 gold pieces at shops.

Inventory:

Hand weapons
 a - a +9 giant spiked club of freezing (weapon)
   (You bought it in a shop on level 4 of the Orcish Mines)
 b - a +0 blowgun {@w1}
 R - a +7 giant spiked club of flaming
   (You took it off an ogre on level 7 of the Dungeon)
Missiles
 o - 3 curare-tipped needles
 u - 5 throwing nets
 v - 101 large rocks (quivered)
Armour
 B - a +2 hat (worn)
 Q - a quicksilver dragon armour (worn)
 X - a +2 cloak of cold resistance (worn)
   (You found it in an ice cave)
Magical staves
 w - an uncursed staff of wizardry {!a}
Rods
 k - a -2 rod of inaccuracy (10/10) {!a}
 y - a +6 rod of inaccuracy (15/15) {!a}
Jewellery
 i - a +5 ring of protection (on amulet) {=R}
   (You found it on level 6 of the Pits of Slime)
 j - the ring "Pioga" {rC+ Dex+4}
   (You took it off a necromancer on level 3 of the Depths)

   [ring of protection from cold]

   It affects your dexterity (+4).
   It protects you from cold.
 n - the ring "Numuy" {rF+ MP+9}
   (You found it on level 3 of the Elven Halls)

   [ring of magical power]

   It protects you from fire.
   It affects your magic capacity (+9).
 G - the ring "Stehi" (left hand) {MR+ Slay+5 Stlth+, =R}
   (You took it off a deep elf demonologist on level 3 of the Elven Halls)

   [ring of stealth]

   It affects your accuracy and damage with ranged weapons and melee attacks
   (+5).
   It affects your resistance to hostile enchantments.
   It makes you more stealthy.
 I - the macabre finger necklace (around neck) {Ward rN+}
   (You bought it in a shop on level 5 of the Dungeon)

   [amulet of warding]

   It may prevent the melee attacks of summoned creatures.
   It protects you from negative energy.
 K - a +4 ring of evasion (right hand)
   (You found it on level 3 of the Depths)
Magical devices
 f - a wand of draining (4)
 p - a wand of teleportation (4)
 P - a wand of heal wounds (4)
 W - a wand of fire (7)
Scrolls
 e - 10 scrolls of blinking
 h - 13 scrolls of recharging
 q - 8 scrolls of enchant armour
 s - 26 scrolls of teleportation
 t - 25 scrolls of remove curse
 C - 7 scrolls of fear
 E - 2 scrolls of holy word
 L - 20 scrolls of identify {@r1}
 S - 6 scrolls of fog
 Y - 2 scrolls of silence
 Z - 8 scrolls of magic mapping
Potions
 g - 14 potions of might
 m - 8 potions of restore abilities
 F - 28 potions of curing
 H - 10 potions of heal wounds {hw}
 M - 2 potions of resistance
 N - 13 potions of agility
 O - 10 potions of haste
 T - 5 potions of cancellation {mons}
Miscellaneous
 c - a lantern of shadows
 r - 2 phantom mirrors
 x - a fan of gales
 J - a phial of floods (inert)
 V - a disc of storms
Comestibles
 d - 22 bread rations
 A - 17 fruits
 D - 14 slices of pizza
 U - 23 meat rations


   Skills:
 + Level 19.6 Fighting
 - Level 24.0 Maces & Flails
 + Level 11.6 Throwing
 * Level 11.7 Armour
 - Level 19.0 Dodging
 - Level 1.0 Unarmed Combat
 - Level 15.2 Spellcasting
 - Level 5.0 Hexes
 - Level 14.1 Charms
 - Level 12.0 Translocations
 - Level 10.0 Air Magic
 + Level 12.5 Evocations


You had 25 spell levels left.
You knew the following spells:

 Your Spells              Type           Power        Failure   Level  Hunger
a - Apportation           Tloc           ####......   1%          1    None
e - Phase Shift           Tloc           ####......   7%          5    #####..
f - Flight                Chrm/Air       ####......   2%          3    ##.....
m - Deflect Missiles      Chrm/Air       ####......   30%         6    #######
p - Portal Projectile     Tloc           ####..       2%          3    ##.....
B - Blink                 Tloc           N/A          1%          2    None
H - Haste                 Chrm           #####...     19%         6    #######
S - Silence               Hex/Air        ###.......   34%         5    #####..


Dungeon Overview and Level Annotations

Branches:
Dungeon (15/15)            Temple (1/1) D:5            Lair (8/8) D:9
 Shoals (5/5) Lair:3        Snake (5/5) Lair:4        Slime (6/6) Lair:6
    Orc (4/4) D:11            Elf (3/3) Orc:3        Vaults (5/5) D:14
  Crypt (3/3) Vaults:3       Tomb (0/3) Crypt:3      Depths (5/5) D:15
    Zot (0/5) Depths:5

Altars:
Ashenzari
Cheibriados
Dithmenos
Elyvilon
Fedhas
Gozag
Kikubaaqudgha
Makhleb
Nemelex Xobeh
Okawaru
Qazlal
Ru
Sif Muna
Trog
Vehumet
Xom
Yredelemnul
Zin
The Shining One
Beogh
Jiyva
Lugonu

Shops:
D:5 =   D:13 =   D:14 }   Orc:1 !   Orc:4 [[(*   Elf:3 *   Shoals:2 [
Shoals:5 (?%:*   Snake:2 *   Depths:3 ?*!

Portals:
Hell: Lair:8 Depths:1 Depths:2 Depths:3 Depths:4 Depths:5
Abyss: Depths:1 Depths:4 Depths:5
Pandemonium: Depths:3 Depths:4
Ziggurat: Depths:3

Annotations:
Elf:2 runed door
Vaults:5 Jory


Innate Abilities, Weirdness & Mutations

You are too large for most types of armour.
You are very dopey. (Int -4)
Your magical capacity is very low (-20% MP).
You occasionally shout uncontrollably at your foes.
You have tough skin (AC +1).
You cannot drink potions while threatened.
You cannot read scrolls while threatened.
You cannot be stealthy.
You cannot study or cast Earth magic.
You cannot study or cast Necromancy magic.
You cannot study or cast Summoning magic.
You are partially covered in iridescent scales (AC +4).
You are mostly covered in yellow scales (AC +3).
You tend to lose your temper in combat.
Scrolls take you a little longer to read.
You are robust (+10% HP).
Your spells are a little harder to cast, but a little more powerful.
You expend magic power (3 MP) to slightly strengthen your wands.


Message History

Unknown command.
You swap places.
The great orb of eyes begins to attack, but is stunned by your will!
Jory hits your water elemental with a battleaxe of venom!!
Jory hits your water elemental with a battleaxe of venom!
Jory bites your water elemental.
Your water elemental hits the great orb of eyes.
Your water elemental engulfs the great orb of eyes in water!
Your water elemental hits Jory!
The stone giant hits you but does no damage.
You hit the stone giant!! You freeze the stone giant!
The stone giant is almost dead.
The orc knight hits your water elemental with a war axe!!
The great orb of eyes bites your water elemental!!
Unknown command.
You hit the stone giant!! You freeze the stone giant.
You kill the stone giant!
Your water elemental hits the great orb of eyes.
Your water elemental hits Jory.
Your water elemental engulfs Jory in water!
Throwing (i - inventory. (,) - cycle):
v - 102 large rocks (quivered)
Press: ? - help, Shift-Dir - straight line, f - orc warrior, p - Jory
Aim: an orc warrior, wielding a halberd and wearing a plate armour (consumed by blood-lust)
You throw a large rock. The large rock hits Jory!
Jory is lightly damaged.
You hear a splash.
You feel less exhausted.
Jory pulls free of the water.
The orc knight hits your water elemental with a war axe!
You redirect the great orb of eyes's attack!
The great orb of eyes pulls free of the water.
You hit Jory.
Jory is lightly damaged.
Your water elemental hits Jory.
Your water elemental engulfs Jory in water!
The orc warrior hits your water elemental with a halberd.
You hit Jory! You freeze Jory.
Jory is moderately damaged.
Your water elemental hits Jory.
You hit Jory!
Jory is moderately damaged.
The orc knight begins to attack, but is stunned by your will!
Your water elemental hits Jory.
The great orb of eyes barely misses your water elemental.
You barely miss Jory.
Jory is moderately damaged.
Jory casts a spell at you. The crystal spear hits you!
You die...
Xom bursts into laughter!

#))..#############
#(.)..#
#..#.....D..
#(.##....#C #)o#
....# #Do# .F###
#EG# ... #VE# ##D.
#ζ≈# u #..# #..#
#..# #..# #..#
#..# #..# #..


You could see Jory, an iron dragon, an orc knight, a great orb of eyes, an orc
warrior (frenzied) and 2 friendly water elementals.

Vanquished Creatures
  the royal jelly (Slime:6)
  Sojobo (Vaults:4)
  2 caustic shrikes (Depths:3)
  5 golden dragons (Depths:3 Depths:5)
  A profane servitor (Crypt:3)
  Frederick (Crypt:3)
  2 bone dragons (Abyss:1 Crypt:3)
  Nikola (Snake:1)
  5 tentacled monstrosities (Depths:3 Depths:4)
  An Ice Fiend (IceCv)
  Vashnia (Snake:2)
  2 deep elf blademasters (Elf:3)
  A quicksilver dragon (Depths:3)
  Asterion (Snake:2)
  3 titans (Depths:3 Vaults:5)
  A deep elf master archer (Elf:3)
  A tentacled starspawn (Abyss:1)
  5 sphinxes (Depths:1 Depths:3 Depths:5)
  5 liches (Depths:3 Depths:1 Depths:4 Depths:5)
  Polyphemus (Shoals:3)
  18 acid blobs (Slime:1 Slime:4 Slime:5 Slime:6)
  An octopode crusher (Depths:1)
  Rupert (Elf:1)
  3 krakens (Shoals:2 Shoals:3 Shoals:4)
  9 tengu reavers (Vaults:3 Vaults:4 Depths:1 Depths:2 Depths:5)
  10 ancient champions (Crypt:1 Crypt:3)
  Kirke (Shoals:1)
  5 storm dragons (Depths:3 Depths:5 Vaults:5)
  Roxanne (Shoals:5)
  4 revenants (Crypt:2 Crypt:3)
  A draconian monk (Depths:5)
  4 shadow dragons (Vaults:5)
  Ilsuiw (Shoals:5)
  6 fire giants (Vaults:3 Depths:3 Depths:4 Depths:5)
  11 azure jellies (Slime:4 Slime:6)
  Donald (Orc:4)
  Wiglaf (Crypt:2)
  Maud (Lair:8)
  7 frost giants (Vaults:4 Depths:1 Depths:4 Depths:5 Vaults:5)
  An orc warlord (Vaults:2)
  2 iron dragons (Depths:3 Vaults:5)
  17 deep elf sorcerers (Elf:3 Depths:4)
  Aizul (Vaults:4)
  8 greater nagas (Snake:5)
  15 vault wardens (Vaults:1 Vaults:2 Vaults:3 Vaults:4 Vaults:5)
  2 curse skulls (Crypt:2 Crypt:3)
  10 emperor scorpions (Depths:2 Depths:3 Depths:4 Depths:5)
  A war gargoyle (Vaults:5)
  8 ghouls (Crypt:1 Crypt:3)
  2 spriggan defenders (Depths:4 Depths:5)
  A draconian shifter (Depths:5)
  A reaper (Crypt:3)
  A caustic shrike skeleton (Depths:2)
  A cacodemon (Depths:3)
  14 very ugly things (Vaults:4 Depths:2 Depths:4 Depths:5 Vaults:5)
  22 stone giants (Vaults:2 Vaults:3 Vaults:4 Depths:1 Depths:3)
  5 deep elf demonologists (Vaults:3 Elf:3)
  A vampire knight (Crypt:3)
  A yellow draconian (Depths:5)
  2 black draconians (Depths:5)
  A mottled draconian (Depths:5)
  Azrael (D:15)
  13 dire elephants (Lair:8 Depths:1 Depths:2 Depths:3 Depths:4)
  3 deep elf annihilators (Elf:3)
  A purple draconian (Depths:5)
  A red draconian (Depths:5)
  Snorg (Elf:3)
  10 ettins (Vaults:4 Depths:1 Depths:2 Depths:3 Depths:5)
  2 minotaurs (Depths:3)
  9 death oozes (Slime:6)
  7 merfolk javelineers (Shoals:2 Shoals:5 Shoals:4)
  28 vault guards (D:14 Vaults:1 Vaults:3 Vaults:4 Vaults:5)
  10 deep elf death magi (Vaults:3 Elf:3 Crypt:1 Crypt:2 Crypt:3)
  8 fire dragons (Depths:1 Depths:2 Depths:3 Depths:4)
  6 merfolk impalers (Shoals:3 Shoals:5 Depths:3)
  2 mummy priests (Crypt:3)
  4 eidola (Crypt:1 Crypt:3)
  A crystal guardian (Vaults:2)
  20 yaktaur captains (Vaults:1 Vaults:2 Vaults:3 Vaults:4 Depths:1)
  10 deep elf high priests (Elf:2 Elf:3 Vaults:5)
  The ghost of
  1100001001 the Basher, a powerful DsIE of Vehumet (Lair:4)
  11 jiangshi (Crypt:2 Crypt:3)
  12 ironheart preservers (Vaults:1 Vaults:2 Vaults:3 Vaults:4)
  11 great orbs of eyes (Vaults:3 Vaults:4 Depths:1 Depths:3 Slime:3)
  14 ice dragons (Depths:1 Depths:2 Depths:3 Depths:4 Depths:5)
  7 large abominations (Vaults:3 Elf:3 Depths:1 Vaults:5)
  24 naga warriors (Snake:2 Snake:3 Snake:4 Snake:5)
  10 rakshasas (Vaults:1 Depths:2 Depths:3 Depths:4)
  6 spriggan air magi (Depths:3 Depths:4 Depths:5)
  Nessos (D:13)
  6 hydras (Lair:3 Lair:4 Lair:5 Lair:8 D:15)
  12 ogre magi (Orc:4 D:15 Vaults:1 Vaults:2 Vaults:3)
  7 anacondas (Snake:1 Snake:2 Snake:3 Snake:4 Snake:5)
  6 merfolk avatars (Shoals:1 Shoals:3 Shoals:5)
  16 centaur warriors (D:13 D:14 Vaults:1 Vaults:2 Vaults:3)
  Erica (Elf:1)
  13 deep troll earth magi (Depths:2 Depths:3 Depths:4 Depths:5)
  A satyr (Shoals:4)
  3 merfolk aquamancers (Shoals:1 Shoals:4 Shoals:5)
  20 death yaks (Shoals:2 Shoals:3 Depths:3 Depths:4)
  2 death knights (Crypt:3)
  8 spriggan berserkers (Depths:3 Depths:4 Depths:5)
  8 tengu warriors (Depths:2 Depths:3 Depths:5)
  12 deep troll shamans (Vaults:4 Depths:1 Depths:3 Depths:4 Depths:5)
  7 shock serpents (Snake:2 Snake:3 Snake:4 Snake:5)
  20 naga sharpshooters (Snake:1 Snake:2 Snake:3 Snake:4 Snake:5)
  3 dancing weapons (Vaults:2 Elf:2)
  6 vampire magi (Crypt:2 Crypt:3 Depths:1)
  Urug (D:11)
  4 spriggans (Depths:3 Depths:5)
  A death yak (shapeshifter) (Depths:3)
  3 hell hogs (Depths:5)
  2 sun demons (Lair:8 Elf:3)
  4 shadow wraiths (Vaults:2 Vaults:3 Crypt:3)
  A fire crab (Vaults:2)
  11 hell knights (Depths:2 Depths:3 Depths:5)
  5 iron trolls (Depths:4 Depths:5)
  8 soul eaters (Crypt:1 Crypt:2 Crypt:3 Depths:3)
  4 catoblepae (Lair:6 Shoals:3 Depths:3 Depths:4)
  3 salamander mystics (Snake:5 Snake:4)
  4 ice devils (IceCv)
  53 deep trolls (Vaults:1 Vaults:3 Vaults:4 Depths:2 Depths:3)
  8 giant orange brains (Vaults:1 Vaults:2 Vaults:4 Vaults:3 Depths:3)
  36 skeletal warriors (D:13 Vaults:2 Vaults:1 Crypt:1 Crypt:2)
  13 deep elf knights (Vaults:1 Vaults:2 Elf:1 Elf:2 Elf:3)
  A gelid demonspawn (Depths:3)
  2 fire crabs (shapeshifter) (Vaults:4 Depths:3)
  15 sea snakes (Snake:2 Snake:4 Shoals:1 Shoals:2 Shoals:4)
  10 flayed ghosts (Vaults:2 Vaults:3 Crypt:2 Crypt:3 Depths:3)
  2 ice statues (Snake:1 IceCv)
  4 unseen horrors (Vaults:1 Depths:1)
  8 deep elf summoners (Vaults:3 Elf:1 Elf:2 Elf:3 Depths:3)
  9 naga ritualists (Snake:1 Snake:2 Snake:4 Snake:5)
  12 mana vipers (Snake:1 Snake:2 Snake:3 Snake:4 Snake:5)
  11 hill giants (D:11 D:12 D:13 D:14 D:15)
  Pikel (D:6)
  12 ironbrand convokers (Vaults:1 Vaults:2 Vaults:3 Vaults:4 Vaults:5)
  16 deep elf conjurers (Vaults:1 Vaults:2 Vaults:3 Elf:1 Elf:2)
  10 necromancers (D:14 Vaults:1 Vaults:4 Crypt:1 Depths:2)
  13 orc sorcerers (Orc:4 Vaults:4 Elf:1)
  An orb spider (shapeshifter) (Depths:3)
  4 wolf spiders (Vaults:1 Vaults:2 Vaults:3)
  2 iron dragon zombies (Crypt:3)
  10 orc knights (Vaults:1 Vaults:3 Vaults:2 Vaults:4)
  9 phantasmal warriors (Crypt:1 Crypt:3 Vaults:5)
  18 harpies (Shoals:2 Shoals:4 Shoals:5)
  8 wizards (Lair:8 D:14 D:15 Vaults:2 Vaults:3)
  An oklob plant (Snake:1)
  2 hornets (Vaults:1 Vaults:4)
  4 shining eyes (Slime:2 Slime:3 Slime:6)
  2 elephants (shapeshifter) (Elf:2 Depths:5)
  A sixfirhy (Depths:3)
  50 ugly things (D:11 D:15 Vaults:3 Vaults:4 Depths:1)
  16 salamanders (Snake:2 Snake:3 Snake:4 Snake:5)
  A draconian (shapeshifter) (Depths:4)
  A sphinx skeleton (Depths:2)
  8 cyclopes (D:11 D:14 Vaults:2 Shoals:1 Shoals:2)
  15 manticores (Shoals:1 Shoals:2 Shoals:3 Shoals:4 Shoals:5)
  2 fire giant zombies (Vaults:4 Crypt:1)
  A fire giant skeleton (Crypt:1)
  A salamander (shapeshifter) (Depths:5)
  2 iron dragon skeletons (Crypt:1 Crypt:3)
  A worldbinder (Abyss:1)
  A rust devil (Depths:2)
  A dire elephant zombie (Crypt:3)
  15 griffons (Lair:6 Lair:8 D:13 D:15 Shoals:1)
  2 octopodes (shapeshifter) (Vaults:2 Depths:1)
  9 elephants (Lair:3 Lair:8)
  8 guardian serpents (Snake:3 Snake:4 Snake:5)
  Maurice (Orc:1)
  9 sirens (Lair:3 Shoals:2 Shoals:3 Shoals:4 Shoals:5)
  6 fauns (Shoals:2 Shoals:4)
  2 titan simulacra (Crypt:1 Depths:2)
  Joseph (D:11)
  2 gargoyles (D:14)
  2 eyes of devastation (Slime:2 Slime:3)
  A drowned soul (Shoals:1)
  A torpor snail (Depths:3)
  A queen ant (Lair:6)
  50 black mambas (Lair:3 Lair:5 Lair:7 Lair:8 Snake:1)
  3 orange demons (Lair:8)
  23 naga magi (D:15 Snake:1 Snake:2 Snake:3 Snake:4)
  17 vault sentinels (Vaults:1 Vaults:2 Vaults:3 Vaults:4 Vaults:5)
  3 centaur skeletons (D:11 D:13 Crypt:1)
  25 two-headed ogres (D:6 Orc:4 D:15 Vaults:1 Vaults:2)
  Psyche (Orc:1)
  9 spiny frogs (Lair:1 Lair:3 Lair:5 Lair:7 Lair:8)
  2 anaconda simulacra (IceCv)
  A kobold demonologist (Vaults:3)
  A jumping spider (shapeshifter) (Depths:4)
  9 guardian mummies (Crypt:1 Crypt:3)
  14 deep elf priests (Vaults:1 Vaults:3 Elf:1 Elf:2 Elf:3)
  3 hellwings (Lair:8 Elf:3 Crypt:3)
  A ghoul skeleton (Crypt:3)
  A silent spectre (Crypt:2)
  13 komodo dragons (Lair:1 Lair:3 Lair:4 Lair:5 Lair:6)
  2 tengu conjurers (Depths:2 Depths:5)
  A death drake zombie (Crypt:2)
  A red devil (Lair:8)
  66 yaktaurs (Vaults:1 Vaults:2 Vaults:3 Vaults:4 Depths:1)
  A wind drake (shapeshifter) (Depths:3)
  3 polar bears (Lair:4 Lair:6 Vaults:2)
  3 fire drakes (Lair:8 Volcano)
  5 trolls (D:12 D:14 D:10 Vaults:4)
  24 merfolk (Shoals:1 Shoals:2 Shoals:3 Shoals:4 Shoals:5)
  A hydra zombie (Crypt:1)
  A yellow draconian skeleton (Crypt:1)
  2 harpy zombies (Shoals:3)
  5 blue devils (Lair:8 Depths:3)
  10 freezing wraiths (Vaults:3 Vaults:4 IceCv Crypt:2 Crypt:3)
  A jumping spider (Elf:2)
  A catoblepas zombie (Crypt:2)
  A two-headed ogre (shapeshifter) (Vaults:1)
  A jumping spider zombie (Crypt:3)
  3 raiju (Abyss:1)
  3 wind drakes (Shoals:2 Shoals:4 Shoals:5)
  A hydra skeleton (D:12)
  A guardian serpent zombie (Crypt:2)
  5 ravens (Depths:2 Depths:5)
  5 boulder beetles (Vaults:2 Vaults:3 Vaults:4 Vaults:5)
  A raven (shapeshifter) (Depths:3)
  A harpy skeleton (Crypt:3)
  4 griffon zombies (D:15 Shoals:3)
  7 snapping turtles (Shoals:3 Shoals:5)
  7 blink frogs (Lair:4 Lair:5)
  3 bog bodies (Crypt:1 Crypt:3)
  84 slime creatures (Vaults:1 Vaults:2 Vaults:3 Depths:3 Depths:4)
  A minotaur skeleton (Depths:3)
  2 human zombies (Vaults:1 Vaults:4)
  4 basilisks (Lair:4 Lair:6 Lair:8)
  2 ettin zombies (Crypt:1 Crypt:3)
  12 water elementals (Shoals:1 Shoals:2 Shoals:4 Shoals:5 Depths:1)
  2 human skeletons (Vaults:4)
  An alligator skeleton (Crypt:3)
  6 flying skulls (Crypt:1 Crypt:2)
  2 shadows (D:12 D:15)
  5 dire elephant simulacra (IceCv)
  2 redbacks (Vaults:3 Elf:1)
  6 wraiths (Vaults:1 Crypt:1 Crypt:2 Crypt:3)
  71 yaks (D:9 Lair:1 Lair:3 Lair:4 Lair:6)
  26 deep elf magi (D:15 Elf:1 Elf:2 Elf:3 Depths:1)
  2 ettin skeletons (Vaults:4 Crypt:1)
  A trapdoor spider (D:14)
  11 air elementals (Depths:3 Depths:4 Depths:5)
  A tarantella (Elf:2)
  3 wyverns (Lair:7 D:12 D:15)
  22 humans (D:7 D:14)
  A redback (shapeshifter) (Depths:3)
  12 small abominations (Elf:1 Abyss:1 Depths:1 Vaults:5)
  Eustachio (D:3)
  A black mamba skeleton (Crypt:3)
  5 hogs (Volcano Shoals:1)
  2 humans (shapeshifter) (D:13 Vaults:2)
  2 yaks (shapeshifter) (Vaults:4 Depths:3)
  9 hippogriffs (D:8 Lair:3 Lair:5 Lair:8 D:12)
  4 vampires (Crypt:1 Depths:1 Depths:2)
  2 fire elementals (D:15)
  A hog (shapeshifter) (Depths:4)
  4 hungry ghosts (D:12 D:13 D:14 Crypt:3)
  3 death yak simulacra (IceCv)
  2 steam dragons (Lair:8 D:15)
  A chaos spawn (Depths:1)
  2 golden eyes (Slime:6)
  A hill giant skeleton (D:12)
  3 wolves (Lair:7)
  19 vampire mosquitoes (D:12 D:14 Vaults:1 Vaults:2 Vaults:3)
  7 soldier ants (Lair:6 D:11)
  A golden eye (shapeshifter) (Vaults:2)
  A neqoxec (Abyss:1)
  33 deep elf fighters (D:9 Volcano D:15 Vaults:1 Vaults:2)
  77 nagas (Snake:1 Snake:2 Snake:3 Snake:4 Snake:5)
  A tengu zombie (D:14)
  Menkaure (D:5)
  2 deep troll zombies (Vaults:4 Crypt:2)
  2 iron troll simulacra (IceCv)
  16 wargs (Orc:2 Orc:3 Orc:4 Vaults:1 Vaults:2)
  2 soldier ants (shapeshifter) (Vaults:2 Depths:2)
  A mottled dragon (Vaults:2)
  A gelid demonspawn skeleton (Crypt:2)
  9 ice beasts (D:12 Elf:1)
  A deep troll skeleton (Vaults:4)
  A hydra simulacrum (IceCv)
  11 porcupines (Lair:1 Lair:2 Lair:4 Lair:5 Lair:6)
  A faun skeleton (Crypt:3)
  2 harpy simulacra (IceCv)
  2 tengu skeletons (D:13 Vaults:4)
  32 water moccasins (Lair:1 Lair:2 Lair:3 Lair:4 Lair:5)
  28 orc warriors (Orc:1 Orc:2 Volcano Orc:3 Orc:4)
  9 eyes of draining (D:9 Slime:3 Slime:4 Slime:6)
  9 hell hounds (Volcano D:15 Depths:5)
  5 wasps (D:10 Depths:3 Depths:5)
  2 sky beasts (D:10 D:14)
  An alligator simulacrum (IceCv)
  A ghost crab zombie (Crypt:2)
  9 necrophages (Lair:2 Crypt:1 Crypt:3)
  2 phantoms (D:3 D:9)
  47 ogres (D:7 D:9 D:12 Orc:2 Orc:4)
  12 boggarts (Depths:1 Depths:3 Depths:2 Depths:4)
  An elf skeleton (Vaults:4)
  2 ettin simulacra (IceCv)
  A blink frog skeleton (Crypt:2)
  A manticore skeleton (Crypt:3)
  3 boring beetles (Lair:8)
  20 centaurs (D:6 D:10 D:11 Volcano D:13)
  2 big kobolds (D:13 D:14)
  19 crocodiles (D:8 D:10 Lair:1 Lair:2 Lair:5)
  Sigmund (D:3)
  A big kobold (shapeshifter) (Vaults:4)
  A fire crab zombie (Crypt:3)
  An elf zombie (Crypt:2)
  A glowing shapeshifter simulacrum (Vaults:2)
  19 giant frogs (D:6 D:8 D:10 Lair:3 Lair:4)
  A spider zombie (Crypt:1)
  A vine stalker skeleton (Crypt:1)
  A water moccasin zombie (Crypt:1)
  A wyvern zombie (D:15)
  4 scorpions (D:4 D:6)
  A water moccasin skeleton (D:4)
  A cyclops skeleton (D:9)
  4 killer bees (D:9)
  A queen bee zombie (Crypt:1)
  3 human simulacra (Vaults:1 Vaults:4)
  A troll zombie (Vaults:4)
  A hippogriff skeleton (Crypt:3)
  11 crimson imps (D:6 D:8 D:9 D:12 D:13)
  A quasit (Depths:3)
  2 electric eels (Lair:5 Elf:3)
  19 wights (D:9 D:8 D:11 Crypt:1 Crypt:2)
  2 goliath beetles (D:7 D:9)
  A centaur zombie (Crypt:1)
  6 starcursed masses (Abyss:1)
  2 yaktaur simulacra (Vaults:1)
  47 orc wizards (D:3 D:4 D:6 D:9 D:12)
  A basilisk skeleton (Crypt:2)
  8 hounds (D:8 D:9 D:10 Lair:1 Lair:5)
  Crazy Yiuf (D:3)
  25 jellies (D:6 D:9 D:8 D:13 Slime:2)
  A wasp zombie (D:9)
  5 iguanas (D:9 Lair:1 Lair:2 Lair:4)
  27 orc priests (D:4 D:9 D:12 Orc:1 Orc:2)
  3 iron imps (D:7 Depths:3)
  2 hell rats (Vaults:3 Elf:2)
  32 worker ants (D:4 D:5 D:6 D:7 D:8)
  A polar bear simulacrum (IceCv)
  59 sheep (D:7 Lair:2 Lair:3 Lair:4 Lair:5)
  6 troll simulacra (IceCv)
  A sky beast zombie (D:7)
  Ijyb (D:6)
  2 centaur simulacra (IceCv)
  A hound zombie (D:10)
  A crocodile skeleton (D:11)
  A necrophage skeleton (Crypt:3)
  2 mummies (D:13 Crypt:1)
  4 gnolls (D:2 D:4)
  2 ogre simulacra (IceCv)
  2 worker ant zombies (D:5)
  29 adders (D:2 D:4 D:5 D:6 Lair:2)
  5 naga simulacra (IceCv)
  43 river rats (D:4 D:9 Lair:1 Lair:2 Lair:3)
  7 shadow imps (D:6 D:7 D:9 Depths:3)
  11 white imps (Lair:1 IceCv Depths:3)
  A worm zombie (Crypt:3)
  5 orc skeletons (D:4 D:9 D:10 Orc:4)
  4 worms (D:2 D:3)
  11 ufetubi (D:7 IceCv Depths:3)
  7 giant geckos (D:2 D:5 D:8 D:10 D:11)
  2 oozes (D:2 D:3)
  220 orcs (D:3 D:4 D:5 D:6 D:8)
  A bat (shapeshifter) (D:1)
  23 hobgoblins (D:1 D:3 D:4 D:8 D:9)
  19 kobolds (D:1 D:2 D:4 D:5 D:7)
  3 ball pythons (D:1 D:2 D:6)
  26 bats (D:1 D:2 D:3 D:4 D:5)
  7 giant cockroaches (D:1 D:4 D:6 D:7)
  2 giant newts (D:2 D:5)
  3 giant spores (D:11 D:12 D:14)
  29 goblins (D:1 D:2 D:3 D:4 D:6)
  A goblin skeleton (D:5)
  7 jackals (D:4)
  A kobold skeleton (D:6)
  12 orc zombies (D:7 Orc:4 D:13 Vaults:1 Vaults:4)
  15 quokkas (D:2 D:3 D:7 D:9 Lair:1)
  26 rats (D:1 D:2 D:3 D:4 D:5)
  2 rat skeletons (D:4)
  A rat zombie (D:6)
  16 ballistomycetes (D:6 D:11 D:12)
  4 crawling corpses (Vaults:3 Vaults:5)
  3 fungi (D:9 Lair:8)
  17 plants (Lair:7 Snake:4 Shoals:1 Shoals:2 Shoals:4)
  A starspawn tentacle (Abyss:1)
3090 creatures vanquished.

Vanquished Creatures (collateral kills)
  A hydra (Lair:6)
  A smoke demon (Lair:8)
  A blue devil (Lair:8)
  A warg (Orc:4)
  A hell hound (Lair:8)
  A centaur (D:12)
  An orc priest (D:3)
  An orc wizard (D:3)
  2 sheep (Lair:6)
  Terence (D:3)
  6 orcs (D:3 D:4 D:12)
  3 goblins (D:3 Orc:4)
  A bat (D:4)
  A giant spore (D:12)
22 creatures vanquished.

Vanquished Creatures (others)
  A lich (Depths:3)
  A deep elf master archer (Elf:3)
  A fire giant (Depths:3)
  A dire elephant (Depths:3)
  2 vault guards (Vaults:5)
  A merfolk impaler (Shoals:5)
  A hydra (D:12)
  2 yaktaur captains (Vaults:3 Depths:3)
  A death yak (Shoals:3)
  2 shock serpents (Snake:3 Snake:5)
  A skeletal warrior (Crypt:3)
  A deep elf conjurer (Elf:1)
  A wolf spider (Vaults:3)
  A harpy (Shoals:4)
  An ugly thing (D:11)
  8 drowned souls (Shoals:1 Shoals:3 Shoals:5)
  A fire giant skeleton (Crypt:1)
  A naga mage (Snake:4)
  A black mamba (Snake:1)
  A manticore (D:15)
  A yaktaur (Depths:3)
  A two-headed ogre (Volcano)
  A merfolk (Shoals:3)
  A snapping turtle (Shoals:1)
  A deep elf fighter (Elf:1)
  A hungry ghost (D:12)
  2 nagas (Snake:4 Snake:5)
  A harpy simulacrum (IceCv)
  A water moccasin (Lair:3)
  An orc warrior (Volcano)
  An earth elemental (Snake:1)
  2 centaurs (Vaults:3)
  3 slaves (D:6)
  An ogre (Vaults:1)
  5 lost souls (Vaults:3 Crypt:2 Crypt:3)
  A snapping turtle simulacrum (Crypt:1)
  An orc wizard (Orc:4)
  A river rat (Lair:8)
  A shadow imp (D:15)
  3 ufetubi (D:3)
  3 orcs (Orc:2 Orc:4)
  A giant spore (D:6)
  2 bushes (Lair:7)
  4 fungi (D:9 Lair:7 Lair:8)
  A plant (Shoals:4)
  3 starspawn tentacles (Abyss:1)
  16 tentacles (Shoals:2 Shoals:3 Shoals:4)
  120 tentacle segments (Shoals:2 Shoals:3 Shoals:4)
210 creatures vanquished.

Grand Total: 3322 creatures vanquished

Notes
Turn   | Place    | Note
--------------------------------------------------------------
     0 | D:1      | HYPERRCHANDRA, the Ogre Chaos Knight, began the quest for the Orb.
     0 | D:1      | Reached XP level 1. HP: 24/24 MP: 1/1
    44 | D:1      | XOM: potion effect (might)
    86 | D:1      | Reached XP level 2. HP: 30/33 MP: 2/2
   161 | D:1      | XOM: polymorph bat -> ball python
   336 | D:1      | Reached skill level 5 in Maces & Flails
   366 | D:1      | Reached XP level 3. HP: 32/40 MP: 3/3
   414 | D:1      | Gained mutation: You can translocate small distances at will. [mutagenic meat]
   415 | D:1      | Gained mutation: You are partially covered in yellow scales (AC +2). [mutagenic meat]
   781 | D:1      | XOM: god gift: stone of tremors
   929 | D:2      | Reached XP level 4. HP: 47/49 MP: 4/4
  1073 | D:2      | Reached skill level 6 in Maces & Flails
  1119 | D:2      | Reached skill level 5 in Fighting
  1169 | D:2      | XOM: divination: magic mapping
  1269 | D:2      | Huge Dmg: 9 Dmg
  1274 | D:2      | Huge Dmg: 7 Dmg
  1554 | D:2      | Reached XP level 5. HP: 50/57 MP: 5/5
  1618 | D:2      | XOM: polymorph gnoll -> giant newt
  1620 | D:2      | Reached skill level 1 in Evocations
  1671 | D:2      | XOM: snakes to sticks
  1859 | D:3      | XOM: god gift: thick glowing rod {god gift}
  1861 | D:3      | Identified a +5 rod of inaccuracy (13/13) (Xom gifted it to you on level 3 of the Dungeon)
  1922 | D:3      | Found a white marble altar of Elyvilon.
  1942 | D:3      | XOM: summons friendly ufetubus
  1974 | D:3      | Noticed Terence
  1977 | D:3      | Huge Dmg: 12 Dmg
  2003 | D:3      | XOM: summons 5 friendly demons
  2015 | D:3      | Killed Terence
  2172 | D:3      | Found a blossoming altar of Fedhas.
  2180 | D:3      | Found a stormy altar of Qazlal.
  2221 | D:3      | Noticed Crazy Yiuf
  2223 | D:3      | XOM: chaos cloud
  2227 | D:3      | Killed Crazy Yiuf
  2227 | D:3      | Reached skill level 2 in Evocations
  2227 | D:3      | Reached XP level 6. HP: 65/67 MP: 8/8
  2256 | D:3      | Reached skill level 7 in Maces & Flails
  2320 | D:3      | Noticed Sigmund
  2437 | D:3      | Killed Sigmund
  2542 | D:3      | XOM: divination: detect creatures
  2552 | D:3      | Reached skill level 6 in Fighting
  2629 | D:4      | Noticed Eustachio
  2640 | D:4      | XOM: divination: magic mapping
  2651 | D:4      | XOM: noise
  2654 | D:4      | XOM: enchant monster (bad)
  2784 | D:3      | XOM: blink monster(s)
  2792 | D:3      | Reached XP level 7. HP: 43/76 MP: 9/9
  2812 | D:3      | XOM: mild Ice miscast
  2946 | D:3      | XOM: summons friendly ufetubus
  2958 | D:3      | Killed Eustachio
  2958 | D:3      | Reached skill level 8 in Maces & Flails
  2994 | D:4      | Got a slimy flail
  2998 | D:4      | Identified the +11 flail "Loivaoh" {crush, Dex+3 Int+2} (You found it on level 4 of the Dungeon)
  3149 | D:4      | XOM: confusion
  3154 | D:4      | XOM: blink monster(s)
  3347 | D:4      | XOM: confuse monster(s)
  3358 | D:4      | Reached skill level 3 in Evocations
  3439 | D:4      | XOM: silly message
  3534 | D:4      | Found a basalt altar of Yredelemnul.
  3589 | D:4      | Reached skill level 7 in Fighting
  3589 | D:4      | Reached skill level 9 in Maces & Flails
  3628 | D:4      | XOM: divination: detect creatures
  3638 | D:4      | Reached XP level 8. HP: 81/87 MP: 12/12
  3674 | D:5      | Entered Level 5 of the Dungeon
  3681 | D:5      | Found a staircase to the Ecumenical Temple.
  3693 | Temple   | Entered the Ecumenical Temple
  3992 | D:5      | XOM: god gift: hand axe {god gift}
  3995 | D:5      | Noticed Menkaure
  3998 | D:5      | Huge Dmg: 42 Dmg
  3998 | D:5      | XOM: enchant monster (good)
  4002 | D:5      | Killed Menkaure
  4255 | D:5      | XOM: 1-stop teleportation journey
  4311 | D:5      | XOM: god gift: 11 stones
  4521 | D:5      | XOM: give mutations
  4521 | D:5      | Gained mutation: You occasionally shout uncontrollably at your foes. [Xom's mischief]
  4521 | D:5      | Gained mutation: You expend magic power (3 MP) to slightly strengthen your wands. [Xom's mischief]
  4521 | D:5      | Lost mutation: You expend magic power (3 MP) to slightly strengthen your wands. [Xom's mischief]
  4521 | D:5      | Gained mutation: Scrolls take you a little longer to read. [Xom's mischief]
  4681 | D:5      | Found a glowing golden altar of the Shining One.
  4689 | D:5      | Found Gastrofump's Jewellery Shoppe.
  4692 | D:5      | Bought a cursed -3 ring of evasion for 30 gold pieces
  4692 | D:5      | Bought the macabre finger necklace {Ward rN+} for 330 gold pieces
  4803 | D:5      | Found a sacrificial altar of Ru.
  4862 | D:5      | Fell from the grace of Xom
  4862 | D:5      | Became a worshipper of Ru the Awakened
  5208 | D:6      | Reached skill level 10 in Maces & Flails
  5221 | D:6      | Reached skill level 4 in Evocations
  5268 | D:6      | Reached skill level 8 in Fighting
  5330 | D:6      | Noticed Pikel
  5336 | D:6      | Killed Pikel
  5336 | D:6      | Reached skill level 11 in Maces & Flails
  5336 | D:6      | Reached XP level 9. HP: 95/97 MP: 14/16
  5354 | D:6      | Huge Dmg: 29 Dmg
  5357 | D:6      | Huge Dmg: 16 Dmg
  5360 | D:6      | Huge Dmg: 9 Dmg
  5489 | D:6      | Huge Dmg: 17 Dmg
  5543 | D:6      | Reached skill level 9 in Fighting
  5543 | D:6      | Reached skill level 5 in Evocations
  5901 | D:6      | XOM: give mutations
  5901 | D:6      | Gained mutation: Your flesh is cold resistant. [Xom's mischief]
  5901 | D:6      | Gained mutation: You are dopey. (Int -2) [Xom's mischief]
  5901 | D:6      | Gained mutation: You are robust (+10% HP). [Xom's mischief]
  5901 | D:6      | Lost mutation: You can translocate small distances at will. [Xom's mischief]
  5902 | D:6      | Huge Dmg: 49 Dmg
  6231 | D:7      | Noticed Ijyb
  6235 | D:7      | Paralysed by Ijyb for 3 turns
  6242 | D:6      | Paralysed by Ijyb for 4 turns
  6246 | D:6      | Killed Ijyb
  6315 | D:7      | Reached skill level 12 in Maces & Flails
  6344 | D:7      | Gained mutation: You cannot drink potions while threatened. [Ru sacrifice]
  6344 | D:7      | Acquired Ru's first power
  6487 | D:7      | XOM: give mutations
  6487 | D:7      | Gained mutation: Armour fits poorly on your strangely shaped body. [Xom's mischief]
  6487 | D:7      | Lost mutation: You are dopey. (Int -2) [Xom's mischief]
  6487 | D:7      | Gained mutation: You expend magic power (3 MP) to slightly strengthen your wands. [Xom's mischief]
  6488 | D:7      | Huge Dmg: 51 Dmg
  6617 | D:7      | XOM: give mutation
  6617 | D:7      | Lost mutation: Your flesh is cold resistant. [Xom's mischief]
  7011 | D:7      | XOM: summons 4 hostile demons
  7060 | D:7      | XOM: give mutations
  7060 | D:7      | Gained mutation: Your magical capacity is low (-10% MP). [Xom's mischief]
  7060 | D:7      | Gained mutation: Your spells are a little harder to cast, but a little more powerful. [Xom's mischief]
  7061 | D:7      | Huge Dmg: 35 Dmg
  7225 | D:7      | Found a sparkling altar of Nemelex Xobeh.
  7638 | D:8      | Reached skill level 10 in Fighting
  7648 | D:8      | Reached skill level 13 in Maces & Flails
  7680 | D:8      | Found a shadowy altar of Dithmenos.
  7698 | D:8      | Reached XP level 10. HP: 101/121 MP: 16/16
  8165 | D:8      | Gained mutation: Your magical capacity is very low (-20% MP). [Ru sacrifice]
  8165 | D:8      | Acquired Ru's second power
  8379 | D:9      | Reached skill level 14 in Maces & Flails
  8386 | D:9      | Found an iron altar of Okawaru.
  8553 | D:9      | Huge Dmg: 13 Dmg
  8807 | D:9      | XOM: mild Ice miscast
  9158 | D:9      | Found a shimmering altar of Xom.
  9232 | D:9      | Reached skill level 15 in Maces & Flails
  9611 | D:9      | Found a staircase to the Lair.
  9627 | D:9      | XOM: mild Hex miscast
  9667 | D:9      | Found a radiant altar of Vehumet.
  9750 | D:10     | Entered Level 10 of the Dungeon
  9810 | D:10     | Gained mutation: You are mostly covered in yellow scales (AC +3). [mutagenic meat]
  9811 | D:10     | Lost mutation: You occasionally shout uncontrollably at your foes. [mutagenic meat]
 10185 | D:10     | Found a bloodstained altar of Trog.
 10208 | D:10     | XOM: mild Fire miscast
 10323 | D:10     | Reached skill level 16 in Maces & Flails
 10389 | Lair:1   | Entered Level 1 of the Lair of Beasts
 10398 | D:9      | Huge Dmg: 22 Dmg
 10399 | D:9      | Huge Dmg: 17 Dmg
 10530 | D:9      | XOM: give mutations
 10530 | D:9      | Gained mutation: You tend to lose your temper in combat. [Xom's mischief]
 10530 | D:9      | Lost mutation: Armour fits poorly on your strangely shaped body. [Xom's mischief]
 10530 | D:9      | Lost mutation: You expend magic power (3 MP) to slightly strengthen your wands. [Xom's mischief]
 10531 | D:9      | Huge Dmg: 42 Dmg
 10755 | Lair:1   | Reached XP level 11. HP: 128/128 MP: 15/15
 10761 | Lair:1   | XOM: noise
 10762 | Lair:1   | Huge Dmg: 50 Dmg
 10818 | Lair:1   | Reached skill level 17 in Maces & Flails
 11136 | Lair:1   | XOM: 1-stop teleportation journey
 11400 | Lair:1   | Reached skill level 18 in Maces & Flails
 11402 | Lair:1   | XOM: blink monster(s)
 11440 | Lair:1   | XOM: summons 1 hostile demon
 11573 | Lair:1   | Huge Dmg: 23 Dmg
 12110 | Lair:2   | XOM: mild Trmt miscast
 12459 | Lair:2   | Gained mutation: You cannot read scrolls while threatened. [Ru sacrifice]
 12459 | Lair:2   | Acquired Ru's third power
 12494 | Lair:2   | Got an opalescent robe
 12505 | Lair:2   | Identified the cursed +0 robe of the Onion {Dex+2 Int+2} (You found it on level 2 of the Lair of Beasts)
 12558 | Lair:2   | XOM: mild Fire miscast
 12862 | Lair:2   | XOM: mild Tloc miscast
 12979 | Lair:3   | Found a staircase to the Shoals.
 12998 | Lair:3   | Reached skill level 19 in Maces & Flails
 13144 | Lair:3   | XOM: cast spell 'Statue Form'
 13175 | Lair:3   | Huge Dmg: 36 Dmg
 13261 | Lair:3   | XOM: medium Tloc miscast
 13367 | Lair:3   | XOM: medium Chrm miscast
 13489 | Lair:3   | XOM: medium Chrm miscast
 13537 | Lair:3   | XOM: medium Ice miscast
 13575 | Lair:3   | Noticed a seven-headed hydra
 13581 | Lair:3   | Killed a seven-headed hydra
 13837 | Lair:3   | Reached XP level 12. HP: 118/133 MP: 16/16
 13846 | Lair:3   | Reached skill level 2 in Dodging
 13936 | Lair:3   | Reached skill level 20 in Maces & Flails
 14008 | Lair:3   | Reached skill level 3 in Dodging
 14180 | Lair:3   | XOM: mild Pois miscast
 14404 | Lair:3   | Huge Dmg: 66 Dmg
 14444 | Lair:3   | Reached skill level 4 in Dodging
 14586 | Lair:4   | Noticed 1100001001's ghost (powerful DsIE)
 14598 | Lair:4   | Killed 1100001001's ghost
 14613 | Lair:4   | Huge Dmg: 23 Dmg
 14617 | Lair:4   | XOM: noise
 14730 | Lair:4   | Noticed a six-headed hydra
 14739 | Lair:4   | Killed a six-headed hydra
 14739 | Lair:4   | Reached skill level 5 in Dodging
 14879 | Lair:4   | Reached skill level 11 in Fighting
 14900 | Lair:4   | Huge Dmg: 41 Dmg
 14987 | Lair:4   | Found a staircase to the Snake Pit.
 14995 | Lair:4   | XOM: noise
 15137 | Lair:4   | Huge Dmg: 66 Dmg
 15336 | Lair:4   | XOM: medium Erth miscast
 15336 | Lair:4   | Was forgiven by Xom
 15426 | Lair:4   | Reached skill level 6 in Dodging
 15901 | Lair:5   | Reached XP level 13. HP: 126/145 MP: 16/16
 15956 | Lair:5   | Huge Dmg: 71 Dmg
 15981 | Lair:5   | Huge Dmg: 31 Dmg
 15983 | Lair:5   | Reached skill level 7 in Dodging
 16206 | Lair:5   | Noticed a five-headed hydra
 16216 | Lair:5   | Killed a five-headed hydra
 16581 | Lair:6   | Huge Dmg: 78 Dmg
 16592 | Lair:6   | Huge Dmg: 61 Dmg
 16597 | Lair:6   | Huge Dmg: 52 Dmg
 16598 | Lair:6   | Huge Dmg: 15 Dmg
 17078 | Lair:6   | Reached skill level 12 in Fighting
 17078 | Lair:6   | Reached skill level 8 in Dodging
 17365 | Lair:6   | Huge Dmg: 74 Dmg
 17370 | Lair:6   | Reached skill level 21 in Maces & Flails
 17405 | Lair:6   | Found a viscous altar of Jiyva.
 17406 | Lair:6   | Found a staircase to the Slime Pits.
 17610 | Lair:6   | Gained mutation: You cannot be stealthy. [Ru sacrifice]
 17610 | Lair:6   | Acquired Ru's fourth power
 17784 | Lair:6   | Huge Dmg: 66 Dmg
 18462 | Lair:7   | Reached skill level 9 in Dodging
 18534 | Lair:7   | Huge Dmg: 23 Dmg
 19191 | Lair:8   | Entered Level 8 of the Lair of Beasts
 19474 | Lair:8   | Noticed a dire elephant
 19479 | Lair:8   | Killed a dire elephant
 19595 | Lair:8   | Reached skill level 13 in Fighting
 19597 | Lair:8   | Huge Dmg: 20 Dmg
 19597 | Lair:8   | Reached XP level 14. HP: 76/163 MP: 11/17
 19815 | Lair:8   | Reached skill level 10 in Dodging
 20014 | Lair:8   | Huge Dmg: 72 Dmg
 20301 | Lair:8   | Noticed Maud
 20308 | Lair:8   | Huge Dmg: 33 Dmg
 20312 | Lair:8   | Killed Maud
 20703 | Lair:8   | Found a burning altar of Makhleb.
 20714 | Lair:8   | Huge Dmg: 33 Dmg
 20746 | Lair:8   | Huge Dmg: 15 Dmg
 20849 | Lair:8   | Huge Dmg: 17 Dmg
 21166 | Lair:8   | Found a gateway to Hell.
 21561 | D:11     | Reached skill level 11 in Dodging
 21646 | D:11     | Noticed Joseph
 21646 | D:11     | Noticed Urug
 21669 | D:11     | Killed Joseph
 21673 | D:11     | Killed Urug
 21836 | D:11     | Found a staircase to the Orcish Mines.
 21935 | D:11     | Reached skill level 1 in Unarmed Combat
 22306 | D:11     | Huge Dmg: 66 Dmg
 22435 | D:11     | Reached skill level 1 in Throwing
 22439 | D:11     | Gained mutation: You cannot study or cast Summoning magic. [Ru sacrifice]
 22439 | D:11     | Gained mutation: You cannot study or cast Necromancy magic. [Ru sacrifice]
 22439 | D:11     | Gained mutation: You cannot study or cast Earth magic. [Ru sacrifice]
 22439 | D:11     | Acquired Ru's fifth power
 22765 | D:12     | Reached skill level 14 in Fighting
 22849 | D:12     | Huge Dmg: 35 Dmg
 22897 | D:12     | Huge Dmg: 31 Dmg
 22923 | D:12     | Reached skill level 2 in Throwing
 23965 | Orc:1    | Entered Level 1 of the Orcish Mines
 23967 | Orc:1    | Noticed Psyche
 23973 | Orc:1    | Killed Psyche
 24045 | Orc:1    | Noticed Maurice
 24051 | Orc:1    | Killed Maurice
 24051 | Orc:1    | Reached skill level 22 in Maces & Flails
 24163 | Orc:1    | Found Brieplol's Distillery.
 24175 | Orc:1    | Gained mutation: You occasionally shout uncontrollably at your foes. [Ru sacrifice]
 24194 | Orc:1    | Huge Dmg: 83 Dmg
 24203 | Orc:1    | Bought a potion of confusion for 11 gold pieces
 24203 | Orc:1    | Bought a potion of mutation for 27 gold pieces
 24203 | Orc:1    | Bought a potion of agility for 27 gold pieces
 24203 | Orc:1    | Bought a potion of invisibility for 60 gold pieces
 24203 | Orc:1    | Bought a potion of curing for 22 gold pieces
 24450 | Orc:2    | Found a roughly hewn altar of Beogh.
 24578 | Orc:2    | Huge Dmg: 63 Dmg
 24588 | Orc:2    | Found a dark tunnel.
 24769 | Volcano  | Entered a volcano
 24796 | Volcano  | Reached skill level 3 in Throwing
 25871 | Orc:3    | Found a roughly hewn altar of Beogh.
 26045 | Orc:3    | Found a staircase to the Elven Halls.
 26188 | Orc:4    | Entered Level 4 of the Orcish Mines
 26338 | Orc:4    | Reached XP level 15. HP: 174/176 MP: 18/18
 26371 | Orc:4    | Huge Dmg: 84 Dmg
 26457 | Orc:4    | Found Naqaloij's Antique Armour Boutique.
 26457 | Orc:4    | Found Zeqoqoamo's Armour Emporium.
 26458 | Orc:4    | Huge Dmg: 78 Dmg
 26564 | Orc:4    | Bought a glowing hat for 128 gold pieces
 26607 | Orc:4    | Found a roughly hewn altar of Beogh.
 26633 | Orc:4    | Reached skill level 4 in Throwing
 26943 | Orc:4    | Noticed Donald
 26954 | Orc:4    | Killed Donald
 26954 | Orc:4    | Reached skill level 12 in Dodging
 27083 | Orc:4    | Found Etiox's Assorted Antiques.
 27136 | Orc:4    | Bought a lumpy grey potion for 21 gold pieces
 27136 | Orc:4    | Bought a scroll labeled THRUKHLA TIFUZA for 24 gold pieces
 27136 | Orc:4    | Bought a scroll labeled THRUKHLA TIFUZA for 24 gold pieces
 27136 | Orc:4    | Bought a coppery potion for 21 gold pieces
 27136 | Orc:4    | Bought a runed giant spiked club for 45 gold pieces
 27136 | Orc:4    | Bought a scroll of identify for 48 gold pieces
 27171 | Orc:4    | Found Crykh's Antique Weapon Boutique.
 27190 | Orc:4    | Huge Dmg: 76 Dmg
 27538 | Orc:4    | Huge Dmg: 85 Dmg
 27819 | D:13     | Noticed Nessos
 27824 | D:13     | Killed Nessos
 27953 | D:13     | Reached skill level 6 in Evocations
 28001 | D:13     | Found Wajurr's Jewellery Boutique.
 28012 | D:13     | Reached skill level 5 in Throwing
 28016 | D:13     | Reached skill level 15 in Fighting
 28029 | D:13     | Bought a cursed amulet of inaccuracy for 30 gold pieces
 28326 | D:13     | Identified a -2 rod of inaccuracy (10/10) (You found it on level 13 of the Dungeon)
 28489 | D:14     | Huge Dmg: 78 Dmg
 28555 | D:14     | Huge Dmg: 71 Dmg
 28815 | D:14     | Found Peodeot's Gadget Shoppe.
 29074 | D:14     | Huge Dmg: 73 Dmg
 29159 | D:14     | Huge Dmg: 86 Dmg
 29326 | D:14     | Huge Dmg: 85 Dmg
 29375 | D:14     | Found a gate to the Vaults.
 29405 | D:14     | Reached skill level 6 in Throwing
 29557 | D:15     | Entered Level 15 of the Dungeon
 29601 | D:15     | Found an opulent altar of Gozag.
 29742 | D:15     | Reached skill level 13 in Dodging
 29764 | D:15     | Huge Dmg: 86 Dmg
 29948 | D:15     | Found a shattered altar of Ashenzari.
 30087 | D:15     | Noticed Azrael
 30091 | D:15     | Huge Dmg: 34 Dmg
 30093 | D:15     | Huge Dmg: 24 Dmg
 30093 | D:15     | Killed Azrael
 30452 | D:15     | Reached XP level 16. HP: 188/188 MP: 20/20
 30457 | D:15     | Found a staircase to the Depths.
 30580 | D:15     | Reached skill level 7 in Evocations
 30809 | Snake:1  | Entered Level 1 of the Snake Pit
 30999 | Snake:1  | Huge Dmg: 26 Dmg
 31723 | Snake:1  | Gained mutation: You are dopey. (Int -2) [Ru sacrifice]
 31888 | Snake:1  | Noticed Nikola
 31890 | Snake:1  | Reached skill level 7 in Throwing
 31891 | Snake:1  | Huge Dmg: 55 Dmg
 31892 | Snake:1  | Huge Dmg: 14 Dmg
 31905 | Snake:1  | Huge Dmg: 11 Dmg
 31920 | Snake:1  | Huge Dmg: 9 Dmg
 31922 | Snake:1  | HP: 7/191 [naga ritualist/Olgreb's Toxic Radiance (9)]
 31923 | Snake:1  | Huge Dmg: 9 Dmg
 32236 | Snake:1  | Killed Nikola
 32236 | Snake:1  | Reached skill level 16 in Fighting
 32764 | Snake:2  | Noticed Asterion
 32801 | Snake:2  | Noticed a spectral weapon
 32825 | Snake:2  | Huge Dmg: 83 Dmg
 32832 | Snake:2  | Noticed a spectral weapon
 32873 | Snake:2  | Huge Dmg: 33 Dmg
 32874 | Snake:2  | Killed Asterion
 33395 | Snake:2  | Reached skill level 14 in Dodging
 33432 | Snake:2  | Noticed Vashnia
 33967 | Snake:2  | Huge Dmg: 46 Dmg
 33976 | Snake:2  | Huge Dmg: 31 Dmg
 33984 | Snake:2  | Huge Dmg: 25 Dmg
 33984 | Snake:2  | Killed Vashnia
 33984 | Snake:2  | Reached skill level 8 in Throwing
 34643 | Snake:2  | Reached skill level 8 in Evocations
 34774 | Snake:2  | Found Klinaeph's Assorted Antiques.
 34799 | Snake:2  | Bought a scroll of fear for 129 gold pieces
 34799 | Snake:2  | Bought a potion of curing for 74 gold pieces
 34799 | Snake:2  | Bought a potion of agility for 92 gold pieces
 34799 | Snake:2  | Bought a brass ring for 185 gold pieces
 34868 | Snake:2  | Huge Dmg: 49 Dmg
 34869 | Snake:2  | Huge Dmg: 21 Dmg
 35657 | Snake:3  | Reached XP level 17. HP: 165/202 MP: 22/22
 35802 | Snake:3  | Huge Dmg: 82 Dmg
 35870 | Snake:3  | Huge Dmg: 23 Dmg
 35876 | Snake:3  | Huge Dmg: 18 Dmg
 35877 | Snake:3  | Huge Dmg: 22 Dmg
 35878 | Snake:3  | Huge Dmg: 13 Dmg
 36571 | Snake:3  | Huge Dmg: 27 Dmg
 36615 | Snake:3  | Reached skill level 9 in Throwing
 37243 | Snake:3  | Gained mutation: You are partially covered in iridescent scales (AC +4). [potion of beneficial mutation]
 37257 | Snake:3  | Gained mutation: You are very dopey. (Int -4) [Ru sacrifice]
 37785 | Snake:4  | Reached skill level 17 in Fighting
 38390 | Snake:4  | Reached skill level 15 in Dodging
 38586 | Snake:4  | Reached skill level 9 in Evocations
 39003 | Snake:4  | Huge Dmg: 39 Dmg
 39570 | Snake:4  | Huge Dmg: 102 Dmg
 39676 | Snake:5  | Entered Level 5 of the Snake Pit
 39694 | Snake:4  | Huge Dmg: 90 Dmg
 39794 | Snake:5  | Huge Dmg: 30 Dmg
 39809 | Snake:4  | Huge Dmg: 16 Dmg
 40267 | Snake:4  | Huge Dmg: 58 Dmg
 41231 | Snake:5  | Huge Dmg: 101 Dmg
 41353 | Snake:5  | Huge Dmg: 84 Dmg
 41839 | Snake:5  | Found a bloodstained altar of Trog.
 42280 | Snake:4  | Reached XP level 18. HP: 170/216 MP: 19/24
 42292 | Snake:4  | Huge Dmg: 86 Dmg
 42664 | Snake:5  | Huge Dmg: 92 Dmg
 42932 | Snake:5  | Reached skill level 10 in Evocations
 43474 | Snake:5  | Reached skill level 18 in Fighting
 43474 | Snake:5  | Reached skill level 16 in Dodging
 43571 | Snake:5  | Reached skill level 23 in Maces & Flails
 43831 | Snake:5  | Got a serpentine rune of Zot
 43832 | Snake:5  | Upgraded the game from 0.16-a0-1784-gf5591c9 to 0.16-a0-1816-g2c93a98
 44428 | D:13     | Bought an uncursed ring of protection from magic for 375 gold pieces
 44497 | Vaults:1 | Entered Level 1 of the Vaults
 44550 | Vaults:1 | Huge Dmg: 51 Dmg
 45030 | Vaults:1 | Huge Dmg: 109 Dmg
 45114 | Vaults:1 | Huge Dmg: 94 Dmg
 46284 | Vaults:1 | Huge Dmg: 25 Dmg
 46287 | Vaults:1 | Huge Dmg: 24 Dmg
 46302 | Vaults:1 | Huge Dmg: 33 Dmg
 46694 | Vaults:1 | Reached XP level 19. HP: 227/229 MP: 24/24
 46858 | Vaults:1 | Learned a level 3 spell: Flight
 47161 | Vaults:1 | Reached skill level 1 in Spellcasting
 47256 | Vaults:2 | Reached skill level 1 in Charms
 47266 | Vaults:2 | Reached skill level 1 in Air Magic
 47514 | Vaults:2 | Reached skill level 2 in Spellcasting
 47531 | Vaults:2 | Reached skill level 2 in Charms
 47646 | Vaults:2 | Reached skill level 2 in Air Magic
 47660 | Vaults:2 | Huge Dmg: 108 Dmg
 47748 | Vaults:2 | Huge Dmg: 54 Dmg
 47867 | Vaults:2 | Reached skill level 3 in Spellcasting
 48236 | Vaults:2 | Huge Dmg: 54 Dmg
 48237 | Vaults:2 | Huge Dmg: 43 Dmg
 48346 | Vaults:2 | Reached skill level 3 in Charms
 48348 | Vaults:2 | Reached skill level 3 in Air Magic
 48357 | Vaults:2 | Huge Dmg: 114 Dmg
 48439 | Vaults:2 | Reached skill level 4 in Spellcasting
 49293 | Vaults:2 | Huge Dmg: 60 Dmg
 49299 | Vaults:2 | Huge Dmg: 81 Dmg
 49662 | Vaults:3 | Reached skill level 4 in Charms
 49662 | Vaults:3 | Reached skill level 4 in Air Magic
 49943 | Vaults:3 | Reached skill level 5 in Spellcasting
 50726 | Vaults:3 | Reached skill level 5 in Air Magic
 50737 | Vaults:3 | Reached skill level 5 in Charms
 50881 | Vaults:3 | Reached XP level 20. HP: 198/240 MP: 25/25
 51056 | Vaults:3 | Huge Dmg: 56 Dmg
 51059 | Vaults:3 | Reached skill level 6 in Spellcasting
 51430 | Vaults:3 | Huge Dmg: 57 Dmg
 51452 | Vaults:3 | Reached skill level 6 in Air Magic
 51452 | Vaults:3 | Reached skill level 6 in Charms
 51462 | Vaults:3 | Huge Dmg: 56 Dmg
 51861 | Vaults:3 | Found a staircase to the Crypt.
 51861 | Vaults:3 | Found an ancient bone altar of Kikubaaqudgha.
 51862 | Vaults:3 | Found a basalt altar of Yredelemnul.
 51906 | Vaults:3 | Reached skill level 7 in Spellcasting
 52419 | Vaults:4 | Huge Dmg: 93 Dmg
 52508 | Vaults:4 | Huge Dmg: 67 Dmg
 52540 | Vaults:4 | Reached skill level 7 in Air Magic
 52544 | Vaults:4 | Huge Dmg: 56 Dmg
 52935 | Vaults:3 | Reached skill level 7 in Charms
 53236 | Vaults:4 | Huge Dmg: 120 Dmg
 53384 | Vaults:4 | Noticed Sojobo
 53427 | Vaults:4 | Killed Sojobo
 53437 | Vaults:4 | Huge Dmg: 55 Dmg
 53450 | Vaults:4 | Reached skill level 8 in Spellcasting
 54325 | Vaults:4 | Noticed Aizul
 54337 | Vaults:4 | Killed Aizul
 54337 | Vaults:4 | Reached skill level 8 in Air Magic
 54337 | Vaults:4 | Reached XP level 21. HP: 176/249 MP: 28/28
 54688 | Vaults:4 | Reached skill level 8 in Charms
 55030 | Vaults:1 | Upgraded the game from 0.16-a0-1816-g2c93a98 to 0.16-a0-2822-gb1d3efb
 55224 | Elf:1    | Entered Level 1 of the Elven Halls
 55306 | Elf:1    | Noticed Rupert
 55313 | Elf:1    | Killed Rupert
 55452 | Elf:1    | Found a frozen archway.
 55471 | Elf:1    | Huge Dmg: 124 Dmg
 55508 | IceCv    | Entered an ice cave
 55645 | IceCv    | Reached skill level 11 in Evocations
 55676 | IceCv    | Huge Dmg: 118 Dmg
 55901 | IceCv    | Reached skill level 17 in Dodging
 56119 | Elf:1    | Learned a level 3 spell: Portal Projectile
 56121 | Elf:1    | Learned a level 1 spell: Apportation
 56124 | Elf:1    | Learned a level 2 spell: Blink
 56395 | Elf:1    | Reached skill level 1 in Translocations
 56412 | Elf:1    | Noticed Erica
 56415 | Elf:1    | Killed Erica
 56631 | Elf:1    | Huge Dmg: 125 Dmg
 57169 | Elf:2    | Reached skill level 19 in Fighting
 57171 | Elf:2    | Found a huge runed gate.
 57172 | Elf:2    | Found a huge runed gate.
 57172 | Elf:2    | Found a huge runed gate.
 57172 | Elf:2    | Found a huge runed gate.
 57172 | Elf:2    | Found a huge runed gate.
 57175 | Elf:2    | Huge Dmg: 124 Dmg
 57316 | Elf:2    | Reached skill level 2 in Translocations
 57936 | Elf:3    | Entered Level 3 of the Elven Halls
 58007 | Elf:3    | Found Rofyuch's Assorted Antiques.
 58064 | Elf:3    | Bought a potion of might for 160 gold pieces
 58065 | Elf:3    | Bought a scroll of identify for 80 gold pieces
 58065 | Elf:3    | Bought a scroll of identify for 80 gold pieces
 58533 | Elf:3    | Huge Dmg: 126 Dmg
 58626 | Elf:3    | Huge Dmg: 53 Dmg
 58916 | Elf:3    | Noticed Snorg
 58937 | Elf:3    | Killed Snorg
 59087 | Elf:3    | Reached skill level 3 in Translocations
 59223 | Elf:3    | Got a pitted jade ring
 59264 | Elf:3    | Got a distressingly furry robe
 59276 | Elf:3    | Identified the cursed -5 robe of Misfortune {-Cast Contam *Tele EV-4 Str-2 Int-2 Dex-2 Stlth-- Curse} (You took it off a deep elf high priest on level 3 of the Elven Halls)
 59277 | Elf:3    | Identified the ring "Stehi" {MR+ Slay+5 Stlth+} (You took it off a deep elf demonologist on level 3 of the Elven Halls)
 59398 | Elf:3    | Got a transparent spear {flame}
 59438 | Elf:3    | Got a bloodstained robe
 59466 | Elf:3    | Reached skill level 4 in Translocations
 59695 | Elf:3    | Identified the +2 robe "Jacaits" {rElec rN+ Stlth-} (You took it off a deep elf high priest on level 3 of the Elven Halls)
 59742 | Elf:3    | Cast into the Abyss (a deep elf sorcerer)
 59871 | Abyss:1  | Paralysed by accursed screaming for 1 turns
 59878 | Abyss:1  | Reached XP level 22. HP: 209/263 MP: 28/28
 59935 | Elf:3    | Escaped the Abyss
 59955 | Elf:3    | Reached skill level 24 in Maces & Flails
 59969 | Elf:3    | Reached skill level 5 in Translocations
 60045 | Elf:3    | Got a scorched lapis lazuli ring
 60047 | Elf:3    | Identified the ring "Numuy" {rF+ MP+9} (You found it on level 3 of the Elven Halls)
 60069 | Elf:3    | Learned a level 5 spell: Phase Shift
 60144 | Elf:3    | Learned a level 6 spell: Haste
 60153 | Elf:3    | Got an encrusted shortbow
 60561 | D:14     | Bought a disc of storms for 320 gold pieces
 60738 | Shoals:1 | Entered Level 1 of the Shoals
 60994 | Shoals:1 | Noticed Kirke
 61005 | Shoals:1 | Killed Kirke
 61334 | Shoals:2 | Reached skill level 12 in Evocations
 61374 | Shoals:2 | Found Clahesut's Antique Armour Boutique.
 61377 | Shoals:2 | Bought a glowing cloak for 162 gold pieces
 61422 | Shoals:2 | Reached skill level 9 in Spellcasting
 62015 | Shoals:3 | Noticed Polyphemus
 62262 | Shoals:3 | Killed Polyphemus
 62267 | Shoals:3 | Reached skill level 6 in Translocations
 63360 | Shoals:4 | Identified a scroll of acquirement
 63630 | Shoals:5 | Entered Level 5 of the Shoals
 63630 | Shoals:5 | Found Lifogri's Food Shoppe.
 63765 | Shoals:5 | Found Owin's Antique Weapon Emporium.
 63797 | Shoals:5 | Noticed Ilsuiw
 63805 | Shoals:5 | Killed Ilsuiw
 63839 | Shoals:5 | Found Saadal's Magic Scroll Boutique.
 64465 | Shoals:5 | Reached skill level 9 in Charms
 64496 | Shoals:5 | Bought a scroll of recharging for 104 gold pieces
 64496 | Shoals:5 | Bought a scroll of enchant weapon for 82 gold pieces
 64496 | Shoals:5 | Bought a scroll of enchant weapon for 82 gold pieces
 64496 | Shoals:5 | Bought a scroll of identify for 22 gold pieces
 64496 | Shoals:5 | Bought a scroll of blinking for 82 gold pieces
 64496 | Shoals:5 | Bought a scroll of identify for 22 gold pieces
 64496 | Shoals:5 | Bought a scroll of magic mapping for 38 gold pieces
 64573 | Shoals:5 | Huge Dmg: 125 Dmg
 64581 | Shoals:5 | Identified Mnateum's Disquisition on Burning Battle Magic (You found it on level 5 of the Shoals)
 64615 | Shoals:5 | Found Uteuwiat's Book Shoppe.
 64667 | Shoals:5 | Noticed Roxanne
 64744 | Shoals:5 | Killed Roxanne
 64763 | Shoals:5 | Identified Roxanne's Collected Works on Clay and Moulding (You took it off Roxanne on level 5 of the Shoals)
 64866 | Shoals:5 | SGrunt: HYPERXTAHUA
 64866 | Shoals:5 | this ill be my last game on the server
 64866 | Shoals:5 | too many lag pauses
 64866 | Shoals:5 | SGrunt: rip
 64890 | Shoals:5 | Found Raelax's Assorted Antiques.
 64908 | Shoals:5 | Bought a glowing ruby ring for 160 gold pieces
 64943 | Shoals:5 | Reached skill level 7 in Translocations
 64985 | Shoals:5 | Reached XP level 23. HP: 168/272 MP: 15/29
 65179 | Shoals:5 | Got a barnacled rune of Zot
 65806 | Crypt:1  | Entered Level 1 of the Crypt
 65858 | Crypt:1  | Reached skill level 10 in Spellcasting
 65867 | Crypt:1  | Reached skill level 10 in Throwing
 66505 | Crypt:2  | Noticed Wiglaf
 66513 | Crypt:2  | Killed Wiglaf
 67124 | Crypt:2  | Huge Dmg: 45 Dmg
 67320 | Crypt:3  | Entered Level 3 of the Crypt
 67343 | Crypt:2  | Huge Dmg: 36 Dmg
 67672 | Crypt:3  | Huge Dmg: 94 Dmg
 68042 | Crypt:3  | Reached skill level 18 in Dodging
 68247 | Crypt:3  | Found a staircase to the Tomb.
 68291 | Crypt:3  | Reached skill level 10 in Charms
 68293 | Crypt:3  | Reached skill level 8 in Translocations
 68474 | Crypt:3  | Huge Dmg: 51 Dmg
 68475 | Crypt:3  | Huge Dmg: 34 Dmg
 68882 | Crypt:3  | Huge Dmg: 125 Dmg
 68934 | Crypt:3  | Huge Dmg: 109 Dmg
 68983 | Crypt:3  | Reached skill level 11 in Throwing
 69425 | Crypt:3  | Got a smoking glaive
 69456 | Crypt:3  | Reached skill level 11 in Spellcasting
 69568 | Crypt:3  | Got a scorched shield
 69580 | Crypt:3  | Found a basalt altar of Yredelemnul.
 69582 | Crypt:3  | Found an ancient bone altar of Kikubaaqudgha.
 69789 | Crypt:3  | Reached XP level 24. HP: 286/286 MP: 31/31
 69810 | Crypt:3  | Noticed Frederick
 69818 | Crypt:3  | Killed Frederick
 70005 | Crypt:3  | Reached skill level 9 in Translocations
 70089 | Vaults:3 | Upgraded the game from 0.16-a0-2822-gb1d3efb to 0.17-a0-229-g5ae695d
 70270 | Depths:1 | Entered Level 1 of the Depths
 70819 | Depths:1 | Reached skill level 11 in Charms
 70889 | Depths:1 | Found a runed door.
 71004 | Depths:1 | Found a one-way gate to the infinite horrors of the Abyss.
 71284 | Depths:1 | Huge Dmg: 57 Dmg
 71289 | Depths:1 | Huge Dmg: 28 Dmg
 71583 | Depths:1 | Huge Dmg: 142 Dmg
 72227 | Depths:2 | Huge Dmg: 143 Dmg
 72303 | Depths:2 | Huge Dmg: 131 Dmg
 72672 | Depths:2 | Got a slimy trident
 73328 | Depths:3 | Reached skill level 12 in Spellcasting
 73328 | Depths:3 | Reached skill level 10 in Translocations
 73350 | Depths:2 | Huge Dmg: 25 Dmg
 73356 | Depths:2 | Huge Dmg: 19 Dmg
 73841 | Depths:3 | Found a gateway to a ziggurat.
 74311 | Depths:3 | Huge Dmg: 78 Dmg
 74312 | Depths:3 | Reached skill level 12 in Charms
 74316 | Depths:3 | Huge Dmg: 54 Dmg
 74340 | Depths:3 | Reached XP level 25. HP: 165/295 MP: 17/32
 74690 | Depths:3 | Found a one-way gate leading to the halls of Pandemonium.
 75289 | Depths:3 | Reached skill level 1 in Armour
 75346 | Depths:3 | Reached skill level 11 in Translocations
 75370 | Depths:3 | Reached skill level 2 in Armour
 75460 | Depths:3 | Huge Dmg: 67 Dmg
 75462 | Depths:3 | Reached skill level 19 in Dodging
 75479 | Depths:3 | Huge Dmg: 103 Dmg
 75493 | Depths:3 | Huge Dmg: 48 Dmg
 75559 | Depths:3 | Huge Dmg: 40 Dmg
 75664 | Depths:3 | Reached skill level 3 in Armour
 75843 | Depths:3 | Reached skill level 13 in Spellcasting
 75862 | Depths:3 | Got a flickering lead ring
 75865 | Depths:3 | Identified the ring "Pioga" {rC+ Dex+4} (You took it off a necromancer on level 3 of the Depths)
 75906 | Depths:3 | Found Qais' General Store.
 75906 | Depths:3 | Found Inyg's Distillery.
 75906 | Depths:3 | Found Yllehus' Magic Scroll Emporium.
 75906 | Depths:3 | Found Ematwuqi's Food Shop.
 76080 | Depths:3 | Reached skill level 13 in Charms
 76113 | Depths:3 | Reached skill level 4 in Armour
 76440 | Depths:4 | Reached skill level 5 in Armour
 77050 | Elf:3    | Learned a level 6 spell: Deflect Missiles
 77056 | Elf:3    | Learned a level 5 spell: Silence
 77173 | Orc:1    | Bought a potion of agility for 44 gold pieces
 77173 | Orc:1    | Bought a potion of restore abilities for 55 gold pieces
 77173 | Orc:1    | Bought a potion of curing for 33 gold pieces
 77557 | Depths:4 | Reached XP level 26. HP: 297/306 MP: 32/32
 77656 | Depths:4 | Reached skill level 1 in Hexes
 77684 | Depths:4 | Found a corrupted altar of Lugonu.
 77769 | Depths:4 | Reached skill level 6 in Armour
 77769 | Depths:4 | Reached skill level 12 in Translocations
 78431 | Depths:5 | Entered Level 5 of the Depths
 78449 | Depths:5 | Reached skill level 2 in Hexes
 78461 | Depths:5 | Reached skill level 7 in Armour
 78772 | Depths:5 | Found a deep blue altar of Sif Muna.
 78838 | Depths:5 | Reached skill level 8 in Armour
 78846 | Depths:5 | Reached skill level 3 in Hexes
 78849 | Depths:5 | Found a gate to the Realm of Zot.
 79100 | Depths:5 | Reached skill level 9 in Air Magic
 79192 | Depths:5 | Reached skill level 14 in Spellcasting
 79812 | Depths:3 | Bought a potion of experience for 550 gold pieces
 79812 | Depths:3 | Reached skill level 9 in Armour
 79812 | Depths:3 | Reached XP level 27. HP: 314/314 MP: 33/33
 79818 | Depths:3 | Bought a scroll of acquirement for 936 gold pieces
 79820 | Depths:3 | Got a smoking large shield
 79827 | Depths:3 | Identified the +0 large shield of Protective Custody {-Cast MR+ Str+3} (You acquired it on level 3 of the Depths)
 79838 | Depths:3 | Bought a scroll of recharging for 171 gold pieces
 79838 | Depths:3 | Bought a scroll of enchant weapon for 135 gold pieces
 79838 | Depths:3 | Bought a scroll of enchant armour for 135 gold pieces
 80785 | Slime:1  | Entered Level 1 of the Pits of Slime
 80900 | Slime:2  | Reached skill level 4 in Hexes
 81033 | Slime:3  | Reached skill level 10 in Armour
 81055 | Slime:3  | Huge Dmg: 139 Dmg
 81637 | Slime:6  | Entered Level 6 of the Pits of Slime
 81801 | Slime:6  | Noticed the royal jelly
 81811 | Slime:6  | Huge Dmg: 140 Dmg
 81814 | Slime:6  | Huge Dmg: 76 Dmg
 81818 | Slime:6  | Killed the royal jelly
 81896 | Slime:6  | Huge Dmg: 68 Dmg
 82320 | Slime:6  | Got a slimy rune of Zot
 82324 | Slime:6  | Identified the Incunabulum of Toxic Moulding
 82334 | Slime:6  | Got a fine hand axe
 82371 | Slime:6  | Got a transparent triple sword
 82373 | Slime:6  | Identified Suigoe Ycuno's Incunabulum of Malediction and Cold
 82397 | Slime:6  | Gained mutation: You expend magic power (3 MP) to slightly strengthen your wands. [a shining eye]
 82405 | Slime:6  | Reached skill level 5 in Hexes
 82431 | Slime:6  | Identified the Incunabulum of Air (You found it on level 6 of the Pits of Slime)
 82445 | Slime:6  | Identified the +1 triple sword of Tender Mercy {antimagic, rC+ rN+ Int+4} (You found it on level 6 of the Pits of Slime)
 82556 | Slime:6  | Identified the Almanac of Moulding (You found it on level 6 of the Pits of Slime)
 82573 | Slime:6  | Got a crude longbow
 83163 | Vaults:5 | Entered Level 5 of the Vaults
 83189 | Vaults:5 | Reached skill level 14 in Charms
 83202 | Vaults:5 | Reached skill level 11 in Armour
 83238 | Vaults:5 | Reached skill level 15 in Spellcasting
 83386 | Vaults:5 | Reached skill level 10 in Air Magic
 83403 | Vaults:5 | Noticed Jory
 83411 | Vaults:5 | Huge Dmg: 56 Dmg
 83422 | Vaults:5 | Huge Dmg: 26 Dmg
 83436 | Vaults:5 | Killed from afar by Jory

Action                   |  1- 3 |  4- 6 |  7- 9 | 10-12 | 13-15 | 16-18 | 19-21 | 22-24 | 25-27 || total
-------------------------+-------+-------+-------+-------+-------+-------+-------+-------+-------++-------
Melee: Mace              |    74 |   137 |       |       |       |       |       |       |       ||   211
       Morningstar       |       |    59 |    12 |       |       |       |       |       |       ||    71
       Flail             |       |       |   265 |   660 |   202 |     9 |       |       |       ||  1136
       Giant spiked club |       |       |       |       |  1236 |  1147 |  1229 |  1356 |  1310 ||  6278
 Fire: Blowgun           |       |       |       |       |       |       |     4 |       |       ||     4
Throw: Stone             |    21 |    10 |    11 |    10 |       |       |       |       |       ||    52
       Large rock        |       |       |       |       |    11 |    22 |    63 |    66 |    78 ||   240
 Cast: Apportation       |       |       |       |       |       |       |     5 |    15 |     3 ||    23
       Flight            |       |       |       |       |       |       |     4 |    74 |       ||    78
       Portal Projectile |       |       |       |       |       |       |     3 |     4 |     7 ||    14
       Phase Shift       |       |       |       |       |       |       |       |     4 |     1 ||     5
       Haste             |       |       |       |       |       |       |       |     2 |     7 ||     9
       Deflect Missiles  |       |       |       |       |       |       |       |       |     5 ||     5
       Silence           |       |       |       |       |       |       |       |       |     1 ||     1
Invok: Sacrifice Drink   |       |       |     1 |       |       |       |       |       |       ||     1
       Sacrifice Experie |       |       |       |     2 |     3 |       |       |       |       ||     5
       Sacrifice Essence |       |       |       |     1 |       |       |       |       |       ||     1
       Sacrifice Words   |       |       |       |     1 |       |       |       |       |       ||     1
       Power Leap        |       |       |       |       |     3 |     4 |    31 |    40 |    11 ||    89
       Sacrifice Stealth |       |       |       |       |     1 |       |       |       |       ||     1
       Apocalypse        |       |       |       |       |     2 |     7 |     8 |     5 |     6 ||    28
       Draw Out Power    |       |       |       |       |     1 |     3 |     1 |     3 |     9 ||    17
       Sacrifice Purity  |       |       |       |       |     1 |     2 |       |       |       ||     3
       Sacrifice Arcana  |       |       |       |       |     1 |       |       |       |       ||     1
 Abil: Evoke Flight      |       |       |       |       |     2 |       |       |       |       ||     2
Evoke: Rod               |       |    15 |     5 |    15 |    76 |    39 |    34 |    11 |    12 ||   207
       Stone of tremors  |       |     1 |     1 |       |     3 |     3 |     1 |       |       ||     9
       Wand              |       |       |       |     2 |     5 |    14 |     6 |     3 |     3 ||    33
       Phantom mirror    |       |       |       |       |     1 |       |       |       |       ||     1
       Phial of floods   |       |       |       |       |       |       |       |       |     1 ||     1
  Use: Scroll            |       |       |     6 |    10 |    19 |     7 |     6 |    14 |     9 ||    71
       Potion            |       |       |       |       |       |     5 |     2 |       |     4 ||    11
 Stab: Paralysed         |       |     2 |     2 |       |     8 |    16 |    19 |    30 |    31 ||   108
       Petrified         |       |     2 |       |       |       |       |       |     2 |       ||     4
       Sleeping          |       |       |     1 |     4 |       |       |       |       |       ||     5
       Distracted        |       |       |     1 |     2 |     5 |     6 |     6 |     8 |     2 ||    30
       Invisible         |       |       |       |     7 |    10 |    15 |     8 |    23 |    21 ||    84
       Confused          |       |       |       |       |       |       |       |     1 |       ||     1
  Eat: Chunk             |     2 |     8 |    16 |    33 |    62 |    24 |    48 |    38 |    21 ||   252
       Bread ration      |       |       |       |       |     1 |     5 |       |     2 |     1 ||     9
       Beef jerky        |       |       |       |       |       |     9 |     1 |     5 |     7 ||    22
       Pizza             |       |       |       |       |       |     1 |       |     2 |       ||     3
       Fruit             |       |       |       |       |       |     1 |       |     2 |       ||     3
       Royal jelly       |       |       |       |       |       |       |     1 |       |     2 ||     3
       Meat ration       |       |       |       |       |       |       |       |       |     1 ||     1

Vault maps used:
D:1:      lemuel_arrival_muddy, minmay_door_square, minmay_misc_feat_nine_boxes,
          roderic_roman_lattice
D:2:      first_bread
D:3:      elyvilon_altar_3, grunt_temple_overflow_forces_of_nature,
          uniq_crazy_yiuf_cottage, uniq_sigmund, uniq_terence
D:4:      kennysheep_big_flooded_room, kennysheep_little_box,
          minmay_close_crescents, uniq_eustachio
D:5:      overflow_temple_1_default, lemuel_round_altar,
          minmay_temple_entry_statues_pillars, serial_shops, kennysheep_mini,
          serial_bayou_lake_a, uniq_menkaure
D:6:      uniq_pikel
D:7:      nemelex_deck, grunt_livestock, uniq_iyjb
D:8:      nicolae_dithmenos_shadow_blocks
D:9:      lemuel_round_altar, fiery_altar_vehumet, lemuel_crystal_altar,
          grunt_lair_entry_elf_guard_hut
D:10:     bloody_trog
D:11:     orc_0_dummy, minmay_misc_feat_square, uniq_joseph, uniq_urug
D:13:     serial_curves, eino_curves_01, eino_curves_02, serial_shops,
          shop_fountains, uniq_nessos
D:14:     grunt_vaults_entry_tiered, serial_shops, shop_fountains
D:15:     grunt_enter_depths_magical_seal, evilmike_ruin_ashenzari,
          minmay_fountain_box, nicolae_gozag_cash_rules_everything_around_me,
          uniq_azrael
Temple:   jpeg_temple_alley_garden_8
Lair:1:   serial_bayou_pond_d
Lair:2:   minmay_holes, roderic_carrion_pond
Lair:3:   minmay_shoals_entry_lonely_mermaid
Lair:4:   dummy_snake_entry, roderic_lost_polar_bear, serial_bayou_shore_b
Lair:5:   serial_bayou_shore_a, lemuel_fruit_tree, grunt_megastairs_2
Lair:6:   slime_altar_1, zaba_antful_of_joy, serial_bayou_shore_b
Lair:7:   minmay_hedge_maze
Lair:8:   evil_forest, infiniplex_staircase_pool_2, uniq_maud
Shoals:1: uniq_kirke
Shoals:2: serial_shops, nicolae_shop_behind_doors
Shoals:3: nicolae_shoals_undead_eyrie, uniq_polyphemus
Shoals:4: shoals_atoll
Shoals:5: serial_shops, shop, shop_statue, shop_statue, nicolae_shop_crystal,
          shop_fountains, shoals_end_hangedman, shoals_ilsuiw_alternative,
          uniq_roxanne
Snake:1:  dpeg_stationary_puzzle, uniq_nikola
Snake:2:  nicolae_sea_snake_s, serial_shops, shop, uniq_vashnia, uniq_asterion
Snake:3:  grunt_ministairs_4
Snake:4:  st_stairs_3, serial_bayou_ford_a
Snake:5:  minmay_snake_end_coiled, basic_altar, nrook_guardian_serpent_double
Slime:3:  basic_altar
Orc:1:    serial_shops, nicolae_shop_waterfront, uniq_psyche, uniq_maurice
Orc:2:    nicolae_volcano_entry_lava_flow, basic_altar
Orc:3:    basic_altar, nicolae_orc_pool_cavern
Orc:4:    lemuel_ogre_cave, st_orc_town, uniq_donald
Elf:1:    portal_ice_cave_entry_ice_beasts, evilmike_minifort, uniq_erica,
          uniq_rupert
Elf:2:    minmay_misc_feat_five, kennysheep_underground_church
Elf:3:    minmay_elf_hall_spiked, serial_shops, shop, uniq_snorg
Vaults:1: vaults_room_fours, v_alt_pattern_6, v_misc_27,
          vaults_room_grunt_arrival_checkpoint, vaults_room_door_ring,
          v_misc_19, v_misc_1
Vaults:2: nicolae_vaults_big_ls, nicolae_vaults_three_branches, v_rooms_3,
          v_misc_15, ontoclasm_vaults_shuriken, dpeg_vaults_monster_row,
          v_misc_15, vaults_dpeg_spiral, nicolae_vaults_diagonal_hallway_8,
          nicolae_vaults_little_squares_4, serial_ice_b,
          nicolae_vaults_diagonal_hallway_7
Vaults:3: v_rooms_6, hangedman_vaults_cutoff, vaults_mumra_chevron,
          st_smaller_cells, hangedman_vaults_stitches, v_misc_12,
          ontoclasm_vaults_chip, nicolae_vaults_circle_grid_b,
          ontoclasm_vaults_idyll, vaults_room_ringed_pool, v_misc_13,
          ontoclasm_vaults_fault, vaults_dpeg_ring, vaults_mumra_minichess,
          minmay_crypt_entry_necro_gods
Vaults:4: vaults_standard_mumra_lines, hangedman_vaults_snaps, v_pattern_1,
          v_alt_pattern_4, hangedman_vaults_locks, nicolae_vaults_little_ls,
          nicolae_vaults_asterisk, vaults_room_boxed, ontoclasm_vaults_gateway,
          nicolae_vaults_windows_and_doors_thing,
          nicolae_vaults_little_squares_2, vaults_room_pools, uniq_aizul,
          uniq_sojobo
Vaults:5: uniq_jory, uniq_margery
Crypt:1:  st_burial_chamber
Crypt:2:  crypt_curse_skull, uniq_wiglaf
Crypt:3:  lightli_unholy_cathedral, nicolae_tomb_entry_rubble_hallway,
          crypt_curse_skull, st_stairs_10, corexii_leaking_fountain,
          serial_sigils_hangedman_scratch, minmay_strange_pillars,
          uniq_frederick
Depths:1: fountainhead, serial_corexii_hall, corexii_hall_statues_i,
          corexii_hall_statues_t, minmay_room_of_horrors,
          pf_hell_entry_great_geh, lightli_gold_pyramid
Depths:2: cheibrodos_birdhouse, minmay_misc_feat_four_crosses,
          grunt_hell_entry_dis_mu
Depths:3: hangedman_box_tower, enter_ziggurat_b, hangedman_decor_growths,
          grunt_pan_entry_sceptre, hangedman_coc_ice_floe,
          kennysheep_generic_room_10
Depths:4: wad_arrow_thing, pan_entry, abyss_entry_flame_altar,
          corexii_hall_statues_i, hell_entry
Depths:5: grunt_zot_entry_tricorne, lemuel_statue_altar, grunt_hell_horde,
          hangedman_abyss_entry_splay, kennysheep_four_rooms,
          serial_bayou_shore_b
Abyss:1:  minivault_25_ag
Abyss:2:  hangedman_relentless_pull
IceCv:    ice_cave_caverns_02
Volcano:  volcano_village
